 Dungeon Crawl Stone Soup version 0.19.0-24-gb05acd6 (webtiles) character file.

1746 ChaseSP the Basher (level 9, 0/51 HPs)
             Began as a Gargoyle Fighter on Nov 22, 2016.
             Was an Initiate of Okawaru.
             Slain by a killer bee (5 damage)
             ... on level 7 of the Dungeon.
             The game lasted 00:11:53 (6795 turns).

ChaseSP the Basher (Gargoyle Fighter)               Turns: 6795, Time: 00:11:54

Health: 0/51       AC: 25    Str: 21    XL:     9   Next: 6%
Magic:  18/18      EV:  3    Int:  9    God:    Okawaru [......]
Gold:   281        SH:  9    Dex: 13    Spells: 0 memorised, 8 levels left

rFire  + . .     SeeInvis .     v - +0 morningstar
rCold  . . .     Gourm    .     b - +3 plate armour {rF+}
rNeg   + . .     Faith    .     c - +0 shield
rPois  ∞         Spirit   .     q - +0 helmet
rElec  +         Reflect  .     (no cloak)
rCorr  .         Harm     .     y - +0 pair of gloves
MR     .....                    I - +0 pair of boots
Stlth  ..........               (no amulet)
                                (no ring)
                                t - ring of magical power

@: very slightly contaminated, drained
A: icy blue scales 1, agile 1, negative energy resistance 1, electricity
resistance, unbreathing, petrification resistance, rot immunity, AC +5
a: Renounce Religion


You were on level 7 of the Dungeon.
You worshipped Okawaru.
Okawaru was noncommittal.
You were very hungry.

You visited 2 branches of the dungeon, and saw 9 of its levels.

You collected 301 gold pieces.
You spent 20 gold pieces at shops.

Inventory:

Hand Weapons
 v - a +0 morningstar (weapon)
Missiles
 u - 5 tomahawks (quivered)
Armour
 b - a +3 plate armour of fire resistance (worn)
 c - a +0 shield (worn)
 j - a +0 chain mail
 q - a +0 helmet (worn)
 w - a +0 ring mail of cold resistance
 y - a +0 pair of gloves (worn)
 I - a +0 pair of boots (worn)
Jewellery
 m - an uncursed ring of ice
 s - a +3 ring of evasion {unknown}
 t - a ring of magical power (left hand)
Scrolls
 i - a scroll of amnesia
 l - a scroll of magic mapping {unknown}
 n - a scroll of remove curse
 B - a scroll of random uselessness {unknown}
 D - a scroll of identify
Potions
 a - 2 potions of agility
 d - 2 potions of brilliance
 g - a potion of resistance {unknown}
 h - 6 potions of lignification
 k - a potion of mutation
 p - 2 potions of haste
 x - 2 potions of heal wounds {unknown}
 C - a potion of cancellation {unknown}
 H - a potion of curing
Books
 A - a book of Cantrips

   Spells                             Type                      Level
   a - Confusing Touch                Hexes                        1
   b - Animate Skeleton               Necromancy                   1
   c - Summon Small Mammal            Summoning                    1
   d - Apportation                    Translocation                1
Comestibles
 f - 6 bread rations
 o - 3 beef jerkies
 z - a meat ration
 E - a royal jelly
 F - a slice of pizza


   Skills:
 - Level 3.2(2.8) Fighting
 + Level 11.3(10.7) Maces & Flails
 - Level 3.2(2.8) Armour
 - Level 3.2(2.8) Shields


You had 8 spell levels left.
You didn't know any spells.

Dungeon Overview and Level Annotations

Branches:
Dungeon (8/15)             Temple (1/1) D:4
   Lair: D:8-11

Altars:
Cheibriados
Dithmenos
Elyvilon
Gozag
Kikubaaqudgha
Makhleb
Nemelex Xobeh
Okawaru
Qazlal
Ru
Sif Muna
Trog
Uskayaw
Vehumet
Xom
Yredelemnul
Zin

Shops:
D:5 %=?}:


Innate Abilities, Weirdness & Mutations

You are resistant to torment.
Your stone body is resilient. (AC +5)
You are immune to poison.
You resist negative energy. (rN+)
You are resistant to electric shocks. (rElec)
You can survive without breathing.
You are immune to petrification.
You are immune to rotting.
You are partially covered in icy blue scales. (AC +2)
You are agile. (Dex +2)


Message History

Unknown command.
As you read the scroll of identify, it crumbles to dust.
d - 2 potions of brilliance The killer bee stings you.
* * * LOW HITPOINT WARNING * * *
You block the killer bee's attack.
The killer bee stings you but does no damage.
The killer bee stings you.
* * * LOW HITPOINT WARNING * * *
The killer bee stings you.
* * * LOW HITPOINT WARNING * * *
You block the killer bee's attack. The killer bee stings you.
* * * LOW HITPOINT WARNING * * *
You block the killer bee's attack.
Okay, then.
The killer bee stings you but does no damage. x2
You block the killer bee's attack.
The killer bee stings you but does no damage. x2
You block the killer bee's attack. The killer bee stings you.
You die...

#.......# ##.....##......#
##.....## ##...###.#.##.#
#....## ##'## #<#.##.#
#.#### #.# #.#.##.## #.#
#.# #.#.....# #.######
##.## #.####..# #......#
##...###.####..# #.####.#
#..yy.##.......# #.####.#
##.@y.....####.# #......#
##y#####.####.#
#.###..######.###........#
#.###.............#.######
#......######.......#
######## #.####### #.# #.#
##### #######.##


You could see 4 killer bees.

Vanquished Creatures
  Eustachio (D:5)
  The ghost of apoch the Firebug, an amateur DEFE (D:4)
  An orc warrior (D:4)
  A centaur (D:8)
  A phantom (D:4)
  3 ogres
  2 bullfrogs
  A killer bee (D:8)
  A howler monkey (D:7)
  A centaur zombie (D:7)
  A crimson imp (D:6)
  A hound (D:7)
  3 orc priests
  3 bullfrog skeletons
  An orc wizard (D:6)
  3 iguanas
  4 worker ants
  A hound zombie (D:5)
  A hound skeleton (D:4)
  Robin (D:2)
  4 gnolls (D:4)
  A howler monkey skeleton (D:4)
  7 adders
  A shadow imp (D:6)
  3 worms
  5 leopard geckos
  27 orcs
  A ball python (D:3)
  3 giant cockroaches
  4 hobgoblins
  17 jackals
  6 kobolds
  2 quokkas
  6 bats
  4 frilled lizards
  15 goblins
  9 rats
147 creatures vanquished.

Notes
Turn   | Place    | Note
-------+----------+-------------------------------------------
     0 | D:1      | ChaseSP the Gargoyle Fighter began the quest for the Orb.
     0 | D:1      | Reached XP level 1. HP: 14/14 MP: 1/1
   164 | D:1      | Reached XP level 2. HP: 19/19 MP: 2/2
   520 | D:1      | Reached skill level 3 in Maces & Flails
   747 | D:2      | Noticed Robin
   773 | D:1      | Reached XP level 3. HP: 20/23 MP: 3/3
  1169 | D:2      | Killed Robin
  1216 | D:2      | Reached skill level 4 in Maces & Flails
  1256 | D:2      | Found a shadowy altar of Dithmenos.
  1476 | D:2      | Found a bloodstained altar of Trog.
  1487 | D:3      | Reached XP level 4. HP: 28/28 MP: 4/4
  1609 | D:3      | Reached skill level 5 in Maces & Flails
  1609 | D:3      | Reached XP level 5. HP: 15/32 MP: 5/5
  1990 | D:3      | Found a white marble altar of Elyvilon.
  2407 | D:4      | Noticed an orc warrior
  2435 | D:4      | Killed an orc warrior
  2435 | D:4      | Reached skill level 6 in Maces & Flails
  2435 | D:4      | Reached XP level 6. HP: 20/37 MP: 6/6
  2485 | D:4      | Noticed apoch's ghost (amateur DEFE)
  2507 | D:4      | Killed apoch's ghost
  2507 | D:4      | Reached skill level 7 in Maces & Flails
  2736 | D:4      | Reached XP level 7. HP: 37/41 MP: 7/7
  3053 | D:4      | Reached skill level 8 in Maces & Flails
  3435 | D:4      | Found a staircase to the Ecumenical Temple.
  3541 | Temple   | Entered the Ecumenical Temple
  3677 | D:5      | Entered Level 5 of the Dungeon
  4003 | D:5      | Reached skill level 9 in Maces & Flails
  4043 | D:5      | Reached XP level 8. HP: 46/46 MP: 8/8
  4060 | D:5      | Found Kuuv's Book Emporium.
  4062 | D:5      | Found Ykadgh's Magic Scroll Emporium.
  4062 | D:5      | Found Kivoqov's Jewellery Emporium.
  4062 | D:5      | Found Muilleac's Gadget Emporium.
  4071 | D:5      | Bought a scroll of identify for 20 gold pieces
  4088 | D:5      | Noticed Eustachio
  4139 | D:5      | Killed Eustachio
  4732 | D:5      | Found Anasih's Food Emporium.
  5067 | D:6      | Found an ancient bone altar of Kikubaaqudgha.
  5069 | D:6      | Found a sacrificial altar of Ru.
  5107 | D:6      | Reached skill level 10 in Maces & Flails
  5168 | D:6      | Found a sparkling altar of Nemelex Xobeh.
  5643 | D:7      | Found a basalt altar of Yredelemnul.
  5643 | D:7      | Found an iron altar of Okawaru.
  5648 | D:7      | Got a warped ring mail
  5659 | D:7      | Identified the cursed +1 ring mail of the Frog {*Drain MR+ Int+4} (You found it on level 7 of the Dungeon)
  5774 | D:7      | Became a worshipper of Warmaster Okawaru
  5913 | D:7      | Found a stormy altar of Qazlal.
  6059 | D:7      | Reached skill level 11 in Maces & Flails
  6205 | D:7      | Noticed a troll
  6219 | D:7      | Gained mutation: You are partially covered in icy blue scales. (AC +2) [potion of mutation]
  6219 | D:7      | Gained mutation: You are agile. (Dex +2) [potion of mutation]
  6623 | D:8      | Noticed a two-headed ogre
  6642 | D:8      | Reached XP level 9. HP: 19/51 MP: 9/9
  6795 | D:7      | Slain by a killer bee

Skill      XL: |  1  2  3  4  5  6  7  8 |
---------------+-------------------------+-----
Maces & Flails | 3 4 5 6 7 9 11 | 11.3
Fighting       | |  3.2
Armour         | |  3.2
Shields        | |  3.2

Action                   |  1- 3 |  4- 6 |  7- 9 || total
-------------------------+-------+-------+-------++-------
Melee: Flail             |   120 |    18 |       ||   138
       Morningstar       |       |   225 |   362 ||   587
  Use: Potion            |       |     1 |     5 ||     6
       Scroll            |       |     3 |     8 ||    11
  Eat: Chunk             |     2 |     5 |    12 ||    19
Armor: Scale mail        |    10 |       |       ||    10
       Chain mail        |    91 |   172 |   253 ||   516
       Plate armour      |       |       |   126 ||   126
Dodge: Dodged            |    31 |    67 |   113 ||   211
Block: Shield            |    76 |   174 |   261 ||   511
